 Dungeon Crawl Stone Soup version 0.26.1-11-gd32895ea62 (webtiles) character file.

Game seed: 5040843869155017333

476 buriedalive the Chiller (level 6, 0/32 HPs)
             Began as a Deep Elf Ice Elementalist on May 17, 2021.
             Slain by a gnoll
             ... wielding a +0 whip
              (5 damage)
             ... on level 5 of the Dungeon.
             The game lasted 00:07:22 (7131 turns).

buriedalive the Chiller (Deep Elf Ice Elementalist) Turns: 7131, Time: 00:07:23

Health: 0/32       AC:  6    Str:  5    XL:     6   Next: 85%
Magic:  7/15       EV: 14    Int: 22    God:
Gold:   122        SH:  0    Dex: 15    Spells: 14/15 levels left

rFire    . . .     SeeInvis .   q - -1 dagger (curse)
rCold    . . .     Faith    .   (no shield)
rNeg     . . .     Spirit   .   i - +1 leather armour
rPois    .         Reflect  .   (no helmet)
rElec    .         Harm     .   B - +0 cloak
rCorr    .         Rampage  .   x - +0 pair of gloves
Will     .....                  (no boots)
Stlth    ++........             (no amulet)
HPRegen  0.10/turn              (no ring)
MPRegen  0.14/turn              (no ring)

@: studying Unarmed Combat
A: no striking features
a: no special abilities


You were on level 5 of the Dungeon.
You visited 1 branch of the dungeon, and saw 5 of its levels.

You collected 180 gold pieces.
You spent 58 gold pieces at shops.

Inventory:

Hand Weapons
 d - a +0 whip
 f - a +0 dagger
 q - a cursed -1 dagger (weapon)
Missiles
 b - 3 curare-tipped darts
 n - 117 stones
 o - 5 poisoned darts (quivered)
Armour
 a - a +0 robe
 i - a +1 leather armour (worn)
 x - a +0 pair of gloves (worn)
 B - a +0 cloak (worn)
Jewellery
 k - an uncursed ring of flight {unknown}
 s - a cursed amulet of inaccuracy {unknown}
 w - an uncursed ring of protection from cold {unknown}
 C - an uncursed ring of positive energy {unknown}
Scrolls
 g - 2 scrolls of magic mapping {unknown}
 l - 4 scrolls of teleportation {unknown}
 t - a scroll of noise {unknown}
 v - 3 scrolls of fog {unknown}
 y - 4 scrolls of identify
 E - a scroll of amnesia
Potions
 c - a potion of magic
 e - a potion of haste
 h - 2 potions of might {unknown}
 j - a potion of degeneration {unknown}
 m - a potion of flight {unknown}
 p - a potion of mutation {unknown}
 r - 2 potions of attraction {unknown}
 u - a potion of ambrosia {unknown}
 z - a potion of brilliance {unknown}
 A - a potion of berserk rage {unknown}
Books
 D - a manual of Unarmed Combat


   Skills:
 + Level 5.8 Dodging
 - Level 2.4 Stealth
 - Level 5.0 Spellcasting
 + Level 6.8 Ice Magic


You had 14 spell levels left.
You knew the following spells:

 Your Spells              Type           Power        Failure   Level
a - Freeze                Ice            100%         1%          1

Your spell library contained the following spells:

 Spells                   Type           Power        Failure   Level
 Frozen Ramparts          Ice            70%          3%          3
 Ozocubu's Armour         Ice            35%          3%          3
 Hailstorm                Conj/Ice       20%          38%         4
 Summon Ice Beast         Ice/Summ       20%          38%         4


Dungeon Overview and Level Annotations

Branches:
Dungeon (5/15)
 Temple: D:4-7

Altars:
Gozag
Nemelex Xobeh
Sif Muna
Xom

Shops:
D:4 [   D:5 (


Message History

You freeze the sky beast.
You kill the sky beast!
Unknown command.
Casting: Freeze (safe; 1% risk of failure)
Confirm with . or Enter, or press ? or * to list all spells.
Aiming: Freeze (safe; 1% risk of failure)
Press: ? - help, Shift-Dir - straight line, f - gnoll
Aim: a gnoll, wielding a +0 whip You freeze the gnoll!
The gnoll is severely wounded.
The gnoll completely misses you.
Casting: Freeze (safe; 1% risk of failure)
Confirm with . or Enter, or press ? or * to list all spells.
Aiming: Freeze (safe; 1% risk of failure)
Press: ? - help, Shift-Dir - straight line, f/p - gnoll
Aim: a gnoll, wielding a +0 whip (severely wounded)
You freeze the gnoll.
The gnoll is almost dead.
The gnoll hits you with a +0 whip.
You die...

#####⌠ # # #.# #.
####.##### ##
#..........## ###.
...##.#......###.. ..#
#.#...##..##g# . .##
#.#...###...@##.#### ##
##.........[.∩†.....[
####...#.........#..####
....<.##..###......##
.####.##..#...##.###
###..........###.#
#..........# ..#
#..........# .##
#......####...


You could see a gnoll.

Vanquished Creatures
  A water moccasin (D:4)
  A sky beast (D:5)
  A scorpion (D:5)
  Terence (D:2)
  A worker ant (D:4)
  A gnoll (D:1)
  7 adders
  An adder skeleton (D:4)
  4 worms
  2 dart slugs (D:2)
  4 leopard geckos
  11 orcs (D:4)
  3 giant cockroaches
  5 hobgoblins
  14 jackals
  7 kobolds
  A ball python (D:1)
  5 bats
  4 frilled lizards
  8 goblins
  7 rats
89 creatures vanquished.

Notes
Turn   | Place    | Note
-------+----------+-------------------------------------------
     0 | D:1      | buriedalive the Deep Elf Ice Elementalist began the quest
                  | for the Orb.
     0 | D:1      | Reached XP level 1. HP: 10/10 MP: 6/6
   113 | D:1      | Reached XP level 2. HP: 15/15 MP: 2/8
   782 | D:1      | Reached XP level 3. HP: 11/19 MP: 8/10
  1549 | D:2      | Found a shimmering blue altar of Sif Muna.
  1787 | D:2      | Reached skill level 5 in Ice Magic
  2259 | D:2      | Reached XP level 4. HP: 15/24 MP: 9/12
  2415 | D:2      | Noticed Terence
  2430 | D:2      | Killed Terence
  3096 | D:2      | Reached XP level 5. HP: 28/28 MP: 9/13
  5281 | D:4      | Found a sparkling altar of Nemelex Xobeh.
  5281 | D:4      | Found an opulent altar of Gozag.
  5324 | D:4      | Noticed a water moccasin
  5330 | D:4      | Killed a water moccasin
  5331 | D:4      | Reached skill level 5 in Spellcasting
  5331 | D:4      | Reached skill level 6 in Ice Magic
  5331 | D:4      | Reached XP level 6. HP: 31/32 MP: 7/15
  5650 | D:4      | Reached skill level 5 in Dodging
  5808 | D:4      | Found Xaibuodd's Armour Boutique.
  5820 | D:4      | Bought a +0 cloak for 58 gold pieces
  5943 | D:4      | Found a shimmering altar of Xom.
  6779 | D:5      | Entered Level 5 of the Dungeon
  6987 | D:5      | Found Doigisod's Weapon Boutique.
  7114 | D:5      | Noticed a sky beast
  7129 | D:5      | Killed a sky beast
  7131 | D:5      | Slain by a gnoll

Illustrated notes

Levels and vault maps discovered:
D:1:      minmay_arrival_floating_metal, layout_loops_cross
D:2:      layout_loops_ring, nicolae_overflow_crystal_walls, uniq_terence
D:3:      layout_basic
D:4:      layout_loops_corners, grunt_temple_overflow_opulence, kennysheep_mini,
          cheibrodos_sewer_entry_bend, serial_shops, shop,
          minmay_manual_mandibuliform
D:5:      layout_rooms, gammafunk_temple_overflow_statue,
          nicolae_overflow_hidden_temple, temple_doors_e, serial_shops, shop,
          bloody_makhleb, uniq_grinder, uniq_pikel, uniq_duvessa,
          uniq_crazy_yiuf_cottage

Skill      XL: |  1  2  3  4  5  6 |
---------------+-------------------+-----
Dodging        | 3 4 5 |  5.8
Spellcasting   | 4 5 |  5.0
Ice Magic      | 5 6 |  6.8
Stealth        | |  2.4

Action                   |  1- 3 |  4- 6 || total
-------------------------+-------+-------++-------
Melee: Unarmed           |     2 |       ||     2
       Dagger            |    51 |   142 ||   193
       Whip              |     7 |       ||     7
Throw: Dart              |       |     1 ||     1
 Cast: Freeze            |    32 |   105 ||   137
  Use: Scroll            |       |     4 ||     4
 Stab: Sleeping          |     6 |     5 ||    11
Armor: Robe              |    11 |       ||    11
       Leather armour    |     3 |    72 ||    75
Dodge: Dodged            |    44 |   171 ||   215
